 Dungeon Crawl Stone Soup version 0.23.0-3-gf3c87f2 (webtiles) character file.

Game seed: 16551357499358784019

268 xccam the Chopper (level 6, -6/46 HPs)
             Began as a Formicid Gladiator on Feb 20, 2019.
             Mangled by Pikel
             ... wielding a +2 whip of flaming
              (8 damage)
             ... on level 4 of the Dungeon.
             The game lasted 00:11:17 (2691 turns).

xccam the Chopper (Formicid Gladiator)              Turns: 2691, Time: 00:11:18

Health: -6/46      AC:  5    Str: 21    XL:     6   Next: 46%
Magic:  6/6        EV: 18    Int:  7    God:
Gold:   271        SH:  0    Dex: 22    Spells: 5/5 levels left

rFire    + . .     SeeInvis +   a - +0 war axe
rCold    + . .     Gourm    .   (no shield)
rNeg     . . .     Faith    .   k - +0 ring mail
rPois    +         Spirit   .   (helmet unavailable)
rElec    +         Reflect  .   (no cloak)
rCorr    +         Harm     .   (no gloves)
MR       .....                  (no boots)
Stlth    ++........             (no amulet)
HPRegen  0.15/turn              b - +5 ring of dexterity
MPRegen  0.10/turn              (no ring)

@: agile, resistant, very slightly contaminated, invisible
A: permanent stasis, dig shafts and tunnels, four strong arms, antennae 3
a: Dig, Shaft Self


You were on level 4 of the Dungeon.
You were not hungry.

You visited 1 branch of the dungeon, and saw 4 of its levels.

You collected 271 gold pieces.

Inventory:

Hand Weapons
 a - a +0 war axe (weapon)
Missiles
 c - 3 throwing nets (quivered)
Armour
 k - a +0 ring mail (worn)
Jewellery
 b - a +5 ring of dexterity (left hand)
Wands
 f - a wand of iceblast (3)
Scrolls
 e - 5 scrolls of identify
 h - a scroll of random uselessness
 l - a scroll of amnesia
Comestibles
 d - 11 rations
 n - 9 chunks of flesh


   Skills:
 + Level 2.6 Fighting
 + Level 6.1 Axes
 - Level 2.0 Throwing
 + Level 1.0 Armour
 - Level 3.2 Dodging


You had 5 spell levels left.
You didn't know any spells.
Your spell library was empty.

Dungeon Overview and Level Annotations

Branches:
Dungeon (4/15)
 Temple: D:4-7

Altars:

Annotations:
D:3 1 runed translucent door, elfaar's ghost, weakling DrTm
D:4 Pikel


Innate Abilities, Weirdness & Mutations

You cannot be hasted, slowed, berserked, paralysed or teleported.
You can dig through walls and to a lower floor.
Your four strong arms can wield two-handed weapons with a shield.
You have a pair of large antennae on your head. (SInv)


Message History

Pikel closely misses you.
You completely miss Pikel.
Pikel is heavily wounded.
Pikel barely misses you.
Pikel hits you with a +2 whip of flaming.
* * * LOW HITPOINT WARNING * * *
You closely miss Pikel.
Pikel is heavily wounded.
Pikel barely misses you. Pikel misses you.
You barely miss Pikel.
Pikel is heavily wounded.
Pikel closely misses you.
Pikel says, "It's all about the gold, really."
Pikel completely misses you.
You catch the helpless Pikel completely off-guard!
You slash Pikel!
Pikel is severely wounded.
Pikel misses you.
Pikel hits you with a +2 whip of flaming!
You die...

#####.# #####.##.### ##.#.p{
#............ #....p#
#.###.##.#### {...{# #.# #.#
>... .....# ##(# #.# ##. {..%.#
#(.# #.# #.#####.#.# #.## #.#
###.#Kpp#.#.######### #.# #.#
#...@###............. #.# .#
#.#.## ##..######.... #)# ...
#..# ##...#. #)# #.#. #..#
##...... #.# #.## .#.###.......
#.# # .##<##.......[ #.########
####.##........
#.....)..##.#######...#........
########.##.......รท............


You could see Pikel and 2 slaves.

Vanquished Creatures
  2 orc priests
  An iguana (D:4)
  Jessica (D:3)
  A worker ant (D:2)
  5 adders
  A shadow imp (D:3)
  3 worms
  2 dart slugs (D:1)
  2 leopard geckos
  6 orcs
  2 giant cockroaches
  6 goblins
  2 hobgoblins
  9 jackals
  2 ball pythons
  7 bats
  A frilled lizard (D:2)
  5 kobolds
  5 rats
  A plant (D:1)
64 creatures vanquished.

Vanquished Creatures (others)
  7 toadstools (D:1)
7 creatures vanquished.

Grand Total: 71 creatures vanquished

Notes
Turn   | Place    | Note
-------+----------+-------------------------------------------
     0 | D:1      | xccam the Formicid Gladiator began the quest for the Orb.
     0 | D:1      | Reached XP level 1. HP: 16/16 MP: 1/1
   466 | D:1      | Reached XP level 2. HP: 18/22 MP: 2/2
  1071 | D:2      | Reached XP level 3. HP: 7/28 MP: 3/3
  1084 | D:2      | Reached skill level 4 in Axes
  1085 | D:2      | Reached XP level 4. HP: 21/34 MP: 4/4
  1757 | D:3      | Noticed Jessica
  1759 | D:3      | Killed Jessica
  1759 | D:3      | Reached XP level 5. HP: 39/39 MP: 5/5
  1848 | D:3      | Found a runed translucent door.
  1849 | D:3      | Noticed elfaar's ghost (weakling DrTm)
  1849 | D:3      | Noticed a troll
  1964 | D:3      | Reached skill level 5 in Axes
  2252 | D:4      | Reached XP level 6. HP: 40/46 MP: 6/6
  2368 | D:4      | Reached skill level 6 in Axes
  2607 | D:4      | Reached skill level 1 in Armour
  2664 | D:4      | Noticed a slave
  2670 | D:4      | Noticed Pikel
  2670 | D:4      | Noticed a slave
  2670 | D:4      | Noticed a slave
  2688 | D:4      | HP: 1/46 [Pikel/+2 whip of flaming (5)]
  2691 | D:4      | Mangled by Pikel

Skill      XL: |  1  2  3  4  5  6 |
---------------+-------------------+-----
Dodging        | 3 |  3.2
Axes           | 4 5 6 |  6.1
Armour         | 1 |  1.0
Fighting       | |  2.6
Throwing       | |  2.0

Action                   |  1- 3 |  4- 6 || total
-------------------------+-------+-------++-------
Melee: War axe           |    79 |   140 ||   219
  Use: Scroll            |     8 |     3 ||    11
       Potion            |     2 |     4 ||     6
 Stab: Invisible         |       |     1 ||     1
  Eat: Chunk             |       |     6 ||     6
Armor: Chain mail        |    29 |     7 ||    36
       Ring mail         |       |    46 ||    46
Dodge: Dodged            |    23 |   107 ||   130
